[ AOE2 MATCH · #507834424 ]
UnrankedBohemians vs Vietnamese
Player's team · LOSS
[ REPLAY ANALYSIS · EXTRACTED FROM THE RECORDED GAME ]
Feudal
10:41
Castle
23:15
Imperial
—
| APM avg | 78.0 |
| APM peak | 155 |
| eAPM avg | 28.5 |
| Villagers / military | 56 / 49 |
Focus
⚔️ 30.8% · 🌾 69.2%
Archer ×19 · Skirmisher ×13 · Militia ×6 · Knight ×5 · Mangonel ×4 · Spearman ×2
Feudal
9:06
Castle
22:34
Imperial
—
| APM avg | 77.6 |
| APM peak | 147 |
| eAPM avg | 31.4 |
| Villagers / military | 61 / 52 |
Focus
⚔️ 48.7% · 🌾 51.3%
Skirmisher ×42 · Scout Cavalry ×4 · Archer ×2 · Mangonel ×2 · Battle Elephant ×2
Match map
Initial resources + every placement click. Lines = walls · curves = elevation contours. ◆ gold · ⬟ stone · ● berries · ✦ relic · ◌ wall gap
Your base· Open — 3t gap
nW | Manuel's base· Open — unwalled flank
Smoothed initial terrain · ◌ = detected wall gap · hover for details
Inputs per minute
— Scotty - - nW | Manuel
Build order — Scotty
First 150 of 184 actions detected
| 0:01 | Queue | Villager (Male) ×4 |
| 0:01 | Queue | Villager (Male) ×4 |
| 0:02 | Build | House |
| 0:03 | Build | House |
| 1:28 | Queue | Villager (Male) |
| 1:58 | Queue | Villager (Male) |
| 2:25 | Queue | Villager (Male) |
| 2:48 | Build | Barracks |
| 2:50 | Queue | Villager (Male) |
| 2:53 | Queue | Villager (Male) |
| 2:53 | Queue | Villager (Male) |
| 3:25 | Build | House |
| 3:32 | Queue | Villager (Male) |
| 3:53 | Queue | Militia |
| 3:53 | Queue | Militia |
| 3:58 | Queue | Villager (Male) |
| 3:59 | Queue | Villager (Male) |
| 4:13 | Build | House |
| 4:20 | Queue | Militia |
| 4:20 | Queue | Militia |
| 4:34 | Queue | Villager (Male) |
| 4:46 | Queue | Militia |
| 4:46 | Queue | Militia |
| 4:57 | Queue | Villager (Male) |
| 4:58 | Queue | Villager (Male) |
| 5:20 | Queue | Villager (Male) |
| 5:20 | Queue | Villager (Male) |
| 5:50 | Queue | Villager (Male) |
| 5:50 | Queue | Villager (Male) |
| 6:00 | Queue | Villager (Male) |
| 6:00 | Queue | Villager (Male) |
| 6:02 | Build | Mill |
| 6:35 | Queue | Villager (Male) |
| 6:48 | Queue | Villager (Male) |
| 7:02 | Build | House |
| 7:21 | Queue | Villager (Male) |
| 7:49 | Build | Lumber Camp |
| 7:57 | Research | Loom |
| 7:57 | Research | Loom |
| 8:31 | Research | Feudal Age |
| 8:31 | Research | Feudal Age |
| 9:12 | Build | Mill |
| 9:18 | Build | Mining Camp |
| 9:29 | Queue | Villager (Male) |
| 10:37 | Build | Lumber Camp |
| 10:41 | Age | Feudal Age |
| 10:43 | Queue | Spearman |
| 10:48 | Build | Archery Range |
| 10:52 | Queue | Villager (Male) |
| 11:08 | Queue | Villager (Male) |
| 11:10 | Build | Farm |
| 11:28 | Build | Farm |
| 11:33 | Queue | Villager (Male) |
| 11:43 | Queue | Spearman |
| 12:01 | Queue | Villager (Male) |
| 12:03 | Build | Palisade Wall |
| 12:05 | Build | Palisade Wall |
| 12:09 | Queue | Archer |
| 12:09 | Queue | Archer |
| 12:09 | Queue | Archer |
| 12:12 | Build | House |
| 12:19 | Build | House |
| 12:21 | Build | Palisade Wall |
| 12:24 | Build | Palisade Wall |
| 12:30 | Research | Double-Bit Axe |
| 12:30 | Research | Double-Bit Axe |
| 12:54 | Build | Farm |
| 12:58 | Build | Palisade Wall |
| 12:58 | Build | Palisade Wall |
| 12:58 | Build | Palisade Wall |
| 12:59 | Build | Palisade Wall |
| 12:59 | Build | Palisade Wall |
| 13:04 | Queue | Archer |
| 13:08 | Queue | Villager (Male) |
| 13:20 | Queue | Villager (Male) |
| 13:23 | Build | Blacksmith |
| 13:38 | Build | Farm |
| 13:46 | Queue | Villager (Male) |
| 13:48 | Queue | Archer |
| 13:48 | Queue | Archer |
| 13:48 | Queue | Archer |
| 13:55 | Build | House |
| 13:56 | Queue | Villager (Male) |
| 14:03 | Build | Farm |
| 14:15 | Research | Fletching |
| 14:15 | Research | Fletching |
| 14:34 | Queue | Villager (Male) |
| 14:37 | Queue | Archer |
| 14:43 | Build | Farm |
| 14:50 | Build | House |
| 14:50 | Build | Palisade Wall |
| 15:01 | Queue | Villager (Male) |
| 15:08 | Queue | Archer |
| 15:11 | Build | Archery Range |
| 15:15 | Build | Farm |
| 15:26 | Queue | Skirmisher |
| 15:41 | Build | Farm |
| 15:42 | Queue | Villager (Male) |
| 15:45 | Queue | Skirmisher |
| 15:48 | Build | Palisade Wall |
| 15:49 | Build | Palisade Wall |
| 15:54 | Build | House |
| 16:00 | Queue | Villager (Male) |
| 16:07 | Queue | Skirmisher |
| 16:11 | Queue | Villager (Male) |
| 16:16 | Build | Farm |
| 16:18 | Build | Farm |
| 16:25 | Queue | Skirmisher |
| 16:25 | Queue | Skirmisher |
| 16:25 | Queue | Skirmisher |
| 16:39 | Queue | Villager (Male) |
| 17:08 | Build | Farm |
| 17:08 | Build | Farm |
| 17:13 | Queue | Skirmisher |
| 17:14 | Queue | Skirmisher |
| 17:19 | Queue | Villager (Male) |
| 17:22 | Build | Farm |
| 17:28 | Build | Farm |
| 17:34 | Build | Farm |
| 17:36 | Queue | Villager (Male) |
| 17:40 | Queue | Skirmisher |
| 17:41 | Queue | Skirmisher |
| 18:03 | Queue | Villager (Male) |
| 18:15 | Queue | Villager (Male) |
| 18:24 | Queue | Skirmisher |
| 18:24 | Queue | Skirmisher |
| 18:24 | Queue | Skirmisher |
| 18:30 | Queue | Villager (Male) |
| 18:34 | Build | Farm |
| 18:35 | Build | Farm |
| 19:05 | Queue | Villager (Male) |
| 19:23 | Build | Market |
| 20:02 | Queue | Villager (Male) |
| 20:35 | Research | Castle Age |
| 20:35 | Research | Castle Age |
| 20:44 | Build | House |
| 20:47 | Queue | Archer |
| 20:47 | Queue | Archer |
| 20:52 | Queue | Villager (Male) |
| 21:19 | Queue | Archer |
| 21:20 | Queue | Archer |
| 21:20 | Build | Farm |
| 21:21 | Research | Horse Collar |
| 21:21 | Research | Horse Collar |
| 21:22 | Research | Horse Collar |
| 21:23 | Build | Stable |
| 21:40 | Queue | Archer |
| 21:40 | Queue | Archer |
| 21:53 | Build | Farm |
| 21:55 | Research | Scale Barding Armor |
Build order — nW | Manuel
First 150 of 182 actions detected
| 0:00 | Queue | Villager (Male) |
| 0:00 | Queue | Villager (Male) |
| 0:01 | Build | House |
| 0:02 | Build | House |
| 0:05 | Queue | Villager (Male) |
| 0:18 | Queue | Villager (Male) |
| 0:18 | Queue | Villager (Male) |
| 1:15 | Queue | Villager (Male) |
| 1:59 | Queue | Villager (Male) |
| 1:59 | Queue | Villager (Male) |
| 2:15 | Queue | Villager (Male) |
| 2:15 | Queue | Villager (Male) |
| 2:21 | Build | Mill |
| 2:41 | Queue | Villager (Male) |
| 2:41 | Queue | Villager (Male) |
| 3:00 | Queue | Villager (Male) |
| 3:00 | Queue | Villager (Male) |
| 3:19 | Queue | Villager (Male) |
| 3:20 | Queue | Villager (Male) |
| 3:53 | Build | House |
| 3:58 | Queue | Villager (Male) |
| 3:59 | Queue | Villager (Male) |
| 3:59 | Queue | Villager (Male) |
| 3:59 | Queue | Villager (Male) |
| 4:09 | Queue | Villager (Male) |
| 4:09 | Queue | Villager (Male) |
| 5:31 | Research | Loom |
| 5:44 | Build | Lumber Camp |
| 6:11 | Queue | Villager (Male) |
| 6:56 | Research | Feudal Age |
| 6:56 | Research | Feudal Age |
| 7:54 | Build | Barracks |
| 8:18 | Build | House |
| 8:24 | Build | Palisade Wall |
| 8:42 | Queue | Villager (Male) |
| 8:42 | Queue | Villager (Male) |
| 9:06 | Age | Feudal Age |
| 9:08 | Build | Stable |
| 9:12 | Research | Double-Bit Axe |
| 9:26 | Queue | Villager (Male) |
| 9:44 | Queue | Scout Cavalry |
| 9:45 | Queue | Scout Cavalry |
| 9:49 | Build | Farm |
| 9:50 | Build | Farm |
| 9:55 | Queue | Villager (Male) |
| 9:56 | Queue | Villager (Male) |
| 10:02 | Build | House |
| 10:20 | Build | Mill |
| 10:31 | Queue | Scout Cavalry |
| 10:31 | Queue | Scout Cavalry |
| 10:43 | Queue | Villager (Male) |
| 10:43 | Queue | Villager (Male) |
| 11:13 | Queue | Villager (Male) |
| 11:14 | Queue | Villager (Male) |
| 11:20 | Build | Archery Range |
| 11:33 | Queue | Villager (Male) |
| 11:33 | Queue | Villager (Male) |
| 11:51 | Queue | Villager (Male) |
| 11:55 | Build | House |
| 12:10 | Build | Blacksmith |
| 12:19 | Build | Palisade Wall |
| 12:20 | Queue | Skirmisher |
| 12:23 | Queue | Villager (Male) |
| 12:25 | Build | Palisade Gate |
| 12:39 | Build | House |
| 12:40 | Build | Palisade Wall |
| 12:41 | Build | Palisade Wall |
| 12:43 | Build | Palisade Wall |
| 12:46 | Queue | Skirmisher |
| 12:52 | Queue | Villager (Male) |
| 12:52 | Queue | Villager (Male) |
| 13:09 | Build | House |
| 13:14 | Queue | Skirmisher |
| 13:15 | Queue | Villager (Male) |
| 13:24 | Build | Farm |
| 13:35 | Queue | Villager (Male) |
| 13:36 | Build | Farm |
| 13:43 | Build | Farm |
| 13:49 | Queue | Skirmisher |
| 13:52 | Queue | Villager (Male) |
| 13:55 | Build | Palisade Wall |
| 13:59 | Build | Farm |
| 14:12 | Queue | Archer |
| 14:25 | Queue | Villager (Male) |
| 14:25 | Queue | Villager (Male) |
| 14:27 | Build | Farm |
| 14:39 | Queue | Villager (Male) |
| 14:39 | Queue | Villager (Male) |
| 14:42 | Build | Farm |
| 14:43 | Build | Farm |
| 14:55 | Queue | Villager (Male) |
| 14:55 | Queue | Villager (Male) |
| 15:02 | Build | Mining Camp |
| 15:14 | Research | Padded Archer Armor |
| 15:43 | Queue | Skirmisher |
| 15:44 | Queue | Skirmisher |
| 16:04 | Queue | Villager (Male) |
| 16:05 | Queue | Villager (Male) |
| 16:06 | Build | Farm |
| 16:07 | Build | Farm |
| 16:08 | Build | Farm |
| 16:10 | Build | Farm |
| 16:11 | Build | House |
| 16:12 | Build | House |
| 16:28 | Build | Farm |
| 16:30 | Research | Fletching |
| 16:46 | Build | House |
| 16:47 | Build | House |
| 17:07 | Queue | Archer |
| 17:28 | Queue | Skirmisher |
| 17:28 | Queue | Skirmisher |
| 17:31 | Queue | Villager (Male) |
| 17:31 | Queue | Villager (Male) |
| 17:32 | Build | Farm |
| 17:58 | Queue | Villager (Male) |
| 17:59 | Build | Farm |
| 18:05 | Research | Wheelbarrow |
| 18:05 | Research | Wheelbarrow |
| 18:15 | Queue | Skirmisher |
| 18:46 | Queue | Skirmisher |
| 18:48 | Build | Lumber Camp |
| 19:25 | Build | Farm |
| 19:26 | Build | Farm |
| 19:27 | Queue | Villager (Male) |
| 19:54 | Research | Castle Age |
| 19:55 | Research | Castle Age |
| 20:06 | Build | Archery Range |
| 20:12 | Queue | Skirmisher |
| 20:12 | Queue | Skirmisher |
| 20:42 | Queue | Skirmisher |
| 20:59 | Build | House |
| 21:00 | Build | Palisade Wall |
| 21:02 | Build | House |
| 21:15 | Queue | Skirmisher |
| 21:15 | Queue | Skirmisher |
| 21:16 | Queue | Skirmisher |
| 21:16 | Queue | Skirmisher |
| 21:24 | Research | Gold Mining |
| 21:38 | Build | Palisade Wall |
| 21:46 | Build | Palisade Wall |
| 21:56 | Research | Horse Collar |
| 22:05 | Build | House |
| 22:15 | Queue | Villager (Male) |
| 22:17 | Build | House |
| 22:25 | Queue | Skirmisher |
| 22:34 | Age | Castle Age |
| 22:35 | Build | University |
| 22:37 | Research | Elite Skirmisher (upgrade) |
| 22:37 | Research | Bodkin Arrow |
| 22:37 | Research | Bodkin Arrow |
Match timeline
| 2:48 | Scotty · first_building Barracks |
| 7:54 | nW | Manuel · first_building Barracks |
| 8:24 | nW | Manuel · wall_segment Palisade Wall x1 |
| 9:06 | nW | Manuel · age_up feudal |
| 9:08 | nW | Manuel · first_building Stable |
| 10:41 | Scotty · age_up feudal |
| 10:48 | Scotty · first_building Archery Range |
| 11:20 | nW | Manuel · first_building Archery Range |
| 12:03 | Scotty · wall_segment Palisade Wall x1 |
| 12:05 | Scotty · wall_segment Palisade Wall x1 |
| 12:19 | nW | Manuel · wall_segment Palisade Wall x4 |
| 12:21 | Scotty · wall_segment Palisade Wall x1 |
| 12:24 | Scotty · wall_segment Palisade Wall x1 |
| 12:40 | nW | Manuel · wall_segment Palisade Wall x4 |
| 12:41 | nW | Manuel · wall_segment Palisade Wall x1 |
| 12:43 | nW | Manuel · wall_segment Palisade Wall x1 |
| 12:58 | Scotty · wall_segment Palisade Wall x1 |
| 12:58 | Scotty · wall_segment Palisade Wall x1 |
| 12:58 | Scotty · wall_segment Palisade Wall x1 |
| 12:59 | Scotty · wall_segment Palisade Wall x1 |
| 12:59 | Scotty · wall_segment Palisade Wall x1 |
| 13:55 | nW | Manuel · wall_segment Palisade Wall x7 |
| 14:50 | Scotty · wall_segment Palisade Wall x1 |
| 15:48 | Scotty · wall_segment Palisade Wall x1 |
| 15:49 | Scotty · wall_segment Palisade Wall x2 |
| 20:34 | Scotty · first_market_buy 100 food |
| 21:00 | nW | Manuel · wall_segment Palisade Wall x1 |
| 21:23 | Scotty · first_building Stable |
| 21:38 | nW | Manuel · wall_segment Palisade Wall x7 |
| 21:46 | nW | Manuel · wall_segment Palisade Wall x12 |
| 22:05 | Scotty · first_market_sell 100 stone |
| 22:34 | nW | Manuel · age_up castle |
| 23:15 | Scotty · age_up castle |
| 23:16 | Scotty · first_building Siege Workshop |
| 24:59 | nW | Manuel · first_building Siege Workshop |
| 26:44 | Scotty · resign |
[ AI ANALYSIS · 1 CREDIT ]
What really happened in this match?
Wolo.gg analyzes every decision: build order, eco, micro, common mistakes by bracket. Personalized analysis on WhatsApp or Discord in 30 seconds.
Civ guide
Bohemians
Perfil
Jugador #301918